 Dungeon Crawl Stone Soup version 0.25.1-2-g60ff931df9 (webtiles) character file.

Game seed: 565667279278136228

704 Gynju the Ogre Mage (level 7, -2/59 HPs)
             Began as an Ogre Ice Elementalist on Aug 30, 2020.
             Slain by a centaur
             ... wielding a cursed -1 shortbow
              (7 damage)
             ... on level 5 of the Dungeon.
             The game lasted 00:04:47 (5322 turns).

Gynju the Ogre Mage (Ogre Ice Elementalist)         Turns: 5322, Time: 00:04:48

Health: -2/59      AC:  3    Str: 13    XL:     7   Next: 67%
Magic:  14/17      EV: 10    Int: 18    God:
Gold:   224        SH:  0    Dex:  9    Spells: 12/19 levels left

rFire    . . .     SeeInvis .   m - +2 mace (holy)
rCold    . . .     Gourm    .   (no shield)
rNeg     . . .     Faith    .   a - +0 robe
rPois    .         Spirit   .   (helmet restricted)
rElec    .         Reflect  .   (no cloak)
rCorr    .         Harm     .   (gloves unavailable)
MR       .....                  (boots unavailable)
Stlth    +.........             (no amulet)
HPRegen  0.19/turn              (no ring)
MPRegen  0.15/turn              (no ring)

@: no status effects
A: large, unfitting armour, tough skin 1
a: no special abilities


You were on level 5 of the Dungeon.
You were not hungry.

You visited 1 branch of the dungeon, and saw 5 of its levels.

You collected 224 gold pieces.

Inventory:

Hand Weapons
 m - a +2 mace of holy wrath (weapon)
Armour
 a - a +0 robe (worn)
Magical Staves
 j - an uncursed staff of death
 x - an uncursed staff of conjuration
Jewellery
 r - a +6 ring of dexterity {unknown}
 u - an uncursed ring of fire {unknown}
 v - an uncursed amulet of faith {unknown}
Scrolls
 f - 2 scrolls of teleportation {unknown}
 h - 5 scrolls of identify {unknown}
 i - 3 scrolls of remove curse {unknown}
 n - a scroll of immolation {unknown}
 o - a scroll of enchant weapon {unknown}
 p - a scroll of fear {unknown}
 q - 2 scrolls of blinking {unknown}
 s - a scroll of magic mapping {unknown}
 t - a scroll of enchant armour {unknown}
Potions
 b - a potion of flight {unknown}
 d - a potion of curing {unknown}
 e - a potion of haste {unknown}
 g - 3 potions of heal wounds {unknown}
 k - 2 potions of might {unknown}
 l - a potion of brilliance {unknown}
Comestibles
 c - 6 rations


   Skills:
 - Level 1.7 Dodging
 - Level 1.4 Stealth
 + Level 6.7 Spellcasting
 + Level 6.4 Ice Magic


You had 12 spell levels left.
You knew the following spells:

 Your Spells              Type           Power        Failure   Level  Hunger
a - Freeze                Ice            ####         1%          1    None
b - Frozen Ramparts       Ice            ####..       2%          3    ##.....
c - Ozocubu's Armour      Chrm/Ice       ###.....     9%          3    ##.....

Your spell library contained the following spells:

 Spells                   Type           Power        Failure   Level  Hunger
 Summon Small Mammal      Summ           #...         11%         1    None
 Call Imp                 Summ           #.......     17%         2    None
 Hailstorm                Conj/Ice       ###.....     30%         4    ####...
 Summon Ice Beast         Ice/Summ       ###.....     30%         4    ####...
 Call Canine Familiar     Summ           #.......     32%         3    ##.....
 Summon Guardian Golem    Hex/Summ       #.......     32%         3    ##.....
 Summon Lightning Spire   Summ/Air       #.......     73%         4    ####...


Dungeon Overview and Level Annotations

Branches:
Dungeon (5/15)
 Temple: D:4-7

Altars:
Fedhas

Shops:
D:4 :

Annotations:
D:4 exclusion: oklob plant


Innate Abilities, Weirdness & Mutations

You are too large for most types of armour.
You have tough skin. (AC +1)


Message History

The centaur hits you with a cursed -1 shortbow.
* * * LOW HITPOINT WARNING * * *
Casting: Freeze (safe; 1% risk of failure)
Confirm with . or Enter, or press ? or * to list all spells.
Aiming: Freeze (safe; 1% risk of failure)
Press: ? - help, Shift-Dir - straight line, f/p - centaur
Aim: a centaur, wielding a -1 shortbow and quivering 19 arrows (heavily wounded)
You freeze the centaur!
The centaur is almost dead.
The centaur hits you with a cursed -1 shortbow!
* * * LOW HITPOINT WARNING * * *
Casting: Freeze (safe; 1% risk of failure)
Confirm with . or Enter, or press ? or * to list all spells.
Aiming: Freeze (safe; 1% risk of failure)
Press: ? - help, Shift-Dir - straight line, f/p - centaur
Aim: a centaur, wielding a -1 shortbow and quivering 19 arrows (almost dead)
You freeze the centaur.
The centaur is almost dead.
The centaur hits you with a cursed -1 shortbow!
You die...

#.#.#### .. #####
#.#.##.. ... #...#
#....... .... #...#
#....... ....##...#
#....... .........#
#....... .........#
#.......
.......%.#########.....#
.).....@(((........##+##
......c..#########.##.##
.........# #......
.........# #######.##
......##.. [.........
###### #### #######.##
#.## #... ####


You could see a centaur.

Vanquished Creatures
  Eustachio (D:4)
  A centaur (D:3)
  A phantom (D:4)
  A bullfrog zombie (D:5)
  3 orc priests
  3 worker ants (D:4)
  10 adders
  An adder skeleton (D:5)
  An adder zombie (D:5)
  3 worms
  4 dart slugs
  2 leopard geckos
  11 orcs
  A ball python (D:2)
  7 giant cockroaches
  8 goblins
  10 hobgoblins
  4 jackals (D:1)
  2 quokkas (D:2)
  5 bats
  4 frilled lizards
  3 kobolds
  6 rats
92 creatures vanquished.

Vanquished Creatures (others)
  A plant (D:4)
1 creature vanquished.

Grand Total: 93 creatures vanquished

Notes
Turn   | Place    | Note
-------+----------+-------------------------------------------
     0 | D:1      | Gynju the Ogre Ice Elementalist began the quest for the
                  | Orb.
     0 | D:1      | Reached XP level 1. HP: 16/16 MP: 3/3
   313 | D:1      | Reached XP level 2. HP: 24/24 MP: 1/5
   991 | D:1      | Reached XP level 3. HP: 25/31 MP: 7/7
  1395 | D:2      | Reached XP level 4. HP: 39/39 MP: 5/9
  2295 | D:3      | Reached XP level 5. HP: 40/45 MP: 6/11
  2594 | D:3      | Noticed a centaur
  2603 | D:3      | Killed a centaur
  2603 | D:3      | Reached skill level 5 in Spellcasting
  2603 | D:3      | Reached skill level 5 in Ice Magic
  2603 | D:3      | Reached XP level 6. HP: 17/53 MP: 6/13
  3511 | D:3      | Learned a level 3 spell: Frozen Ramparts
  3515 | D:3      | Learned a level 3 spell: Ozocubu's Armour
  3543 | D:4      | Noticed Eustachio
  3558 | D:4      | Killed Eustachio
  3558 | D:4      | Reached XP level 7. HP: 12/59 MP: 3/15
  4162 | D:4      | Found Byomm's Book Boutique.
  4615 | D:4      | Found a blossoming altar of Fedhas.
  4652 | D:4      | Noticed an oklob plant
  4802 | D:5      | Entered Level 5 of the Dungeon
  5120 | D:5      | Found Duniklie's Gadget Shoppe.
  5322 | D:5      | Slain by a centaur

Illustrated notes

Levels and vault maps discovered:
D:1:      onia_arrival_mini_maze, layout_basic
D:2:      layout_basic, st_stairs_10, minmay_tromino_v4_c
D:3:      layout_rooms, first_ration, corexii_leaking_fountain,
          minmay_strange_pillars, lightli_corner_chamber
D:4:      layout_basic, tgw_fedhas, serial_shops, nicolae_shop_crystal,
          nrook_loot_triangle, uniq_eustachio
D:5:      layout_basic, serial_shops, shop, hangedman_decor_points,
          chequers_jeans

Skill      XL: |  1  2  3  4  5  6  7 |
---------------+----------------------+-----
Spellcasting   | 3 4 5 6 |  6.7
Ice Magic      | 4 5 6 |  6.4
Dodging        | |  1.7
Stealth        | |  1.4

Action                   |  1- 3 |  4- 6 |  7- 9 || total
-------------------------+-------+-------+-------++-------
Melee: Unarmed           |     5 |       |       ||     5
       Club              |    31 |       |       ||    31
       Staff             |     7 |    11 |       ||    18
       Mace              |       |     3 |    20 ||    23
 Cast: Freeze            |    45 |    97 |    38 ||   180
 Stab: Sleeping          |       |       |     1 ||     1
  Eat: Chunk             |     2 |     6 |     5 ||    13
Armor: Robe              |    43 |    22 |    11 ||    76
Dodge: Dodged            |    76 |    66 |    19 ||   161
